 Dungeon Crawl Stone Soup version 0.19.5 (webtiles) character file.

12509 tricornhat the Basher (level 11, -24/84 HPs)
             Began as a Demonspawn Berserker on Mar 16, 2017.
             Was a High Priest of Trog.
             Killed from afar by a storm dragon (36 damage)
             ... with a bolt of lightning
             ... on level 12 of the Dungeon on Mar 18, 2017.
             The game lasted 01:27:31 (11034 turns).

tricornhat the Basher (Demonspawn Berserker)       Turns: 11034, Time: 01:27:32

Health: -24/84     AC: 20    Str: 33    XL:     11   Next: 63%
Magic:  11/11      EV:  8    Int:  8    God:    Trog [*****.]
Gold:   442        SH: 12    Dex: 13    Spells: 0 memorised, 10 levels left

rFire  + . .     SeeInvis .     a - +4 flail (elec)
rCold  . . .     Gourm    .     K - +3 plate armour {rF+}
rNeg   . . .     Faith    .     d - +0 shield
rPois  .         Spirit   .     q - +0 helmet
rElec  .         Reflect  .     w - +1 cloak
rCorr  .         Harm     .     (no gloves)
MR     .....                    j - +0 pair of boots
Stlth  ..........               (no amulet)
                                G - ring of Biafaut {+Fly Str+2}
                                o - +5 ring of strength

@: mighty, drained
A: talons 2, powered by death 1, spiny 2, sturdy frame 2
a: Berserk, Trog's Hand, Brothers in Arms, Burn Spellbooks, Renounce Religion,
Evoke Flight


You were on level 12 of the Dungeon.
You worshipped Trog.
Trog was extremely pleased with you.
You were not hungry.

You visited 1 branch of the dungeon, and saw 12 of its levels.

You collected 752 gold pieces.
You spent 310 gold pieces at shops.

Inventory:

Hand Weapons
 a - a +4 flail of electrocution (weapon)
 b - the +1 fustibalus "Radej" {venom, Str+4}
   (You found it on level 11 of the Dungeon)

   It poisons the ammo it fires.
   It affects your strength (+4).
 e - a +3 flail
 m - a +0 mace
 J - a +1 antimagic demon whip
 Y - a +1 halberd
Armour
 d - a +0 shield (worn)
 j - a +0 pair of boots (worn)
 q - a +0 helmet (worn)
 w - a +1 cloak (worn)
 H - the cursed +0 leather armour "Zavugos" {rC+ rCorr Str-2 Dex+3, unknown}
   (You found it on level 7 of the Dungeon)

   It affects your strength (-2).
   It affects your dexterity (+3).
   It protects you from cold.
   It protects you from acid and corrosion.
   It has a curse placed upon it.
 K - a +3 plate armour of fire resistance (worn)
Rods
 R - a +0 rod of ignition (13/13)
   (You found it on level 8 of the Dungeon)
Jewellery
 h - an uncursed ring of protection from fire
 i - an uncursed amulet of faith
 o - a +5 ring of strength (left hand)
 t - an uncursed ring of resist corrosion
 G - the ring of Biafaut (right hand) {+Fly Str+2}
   (You found it on level 6 of the Dungeon)

   [ring of strength]

   It affects your strength (+2).
   It lets you fly.
 S - an uncursed ring of positive energy
 T - an uncursed ring of protection from fire
Wands
 x - a wand of teleportation (4/9)
 F - a wand of paralysis (11/24)
 O - a wand of digging (13/24)
 X - a wand of flame (35/48)
Scrolls
 f - 2 scrolls of remove curse
 g - 3 scrolls of blinking
 p - a scroll of silence {unknown}
 r - 4 scrolls of teleportation
 y - a scroll of recharging {unknown}
 C - a scroll of magic mapping {unknown}
 D - a scroll of fog
 P - a scroll of brand weapon
 V - 2 scrolls of vulnerability {unknown}
 W - 2 scrolls of fear {unknown}
Potions
 k - 2 potions of degeneration {unknown}
 l - a potion of haste {unknown}
 n - 3 potions of brilliance
 s - a potion of invisibility
 u - a potion of magic {unknown}
 v - a potion of cancellation {unknown}
 z - 2 potions of might
 A - 3 potions of cure mutation {unknown}
 E - 2 potions of curing
 M - 4 potions of flight {unknown}
Comestibles
 c - 8 bread rations
 B - 7 meat rations
 I - a royal jelly
 N - 20 fruits


   Skills:
 + Level 7.0(6.5) Fighting
 * Level 12.8(12.3) Maces & Flails
 + Level 6.7(6.3) Armour
 - Level 1.8(1.4) Dodging
 - Level 1.0(0.6) Stealth
 + Level 7.2(6.7) Shields


You had 10 spell levels left.
You didn't know any spells.

Dungeon Overview and Level Annotations

Branches:
Dungeon (12/15)            Temple (0/1) D:5            Lair (0/6) D:11
    Orc (0/2) D:11

Altars:
Gozag
Hepliaklqana
Kikubaaqudgha
Makhleb
Nemelex Xobeh
Okawaru
Ru
Xom
Yredelemnul
The Shining One

Shops:
D:4 *   D:7 =

Annotations:
D:4 Natasha
D:12 Azrael


Innate Abilities, Weirdness & Mutations

You have razor-sharp toenails.
You regenerate a little health from kills.
You are mostly covered in sharp spines.
Your movements are less encumbered by armour. (ER -4)


Message History

The storm dragon claws you but does no damage.
The storm dragon tramples you!
* * * LOW HITPOINT WARNING * * *
You stumble backwards!
You feel very mighty all of a sudden.
The storm dragon bites you but does no damage.
The storm dragon barely misses you.
The storm dragon tramples you but does no damage.
The storm dragon bites you but does no damage.
The storm dragon claws you but does no damage.
The storm dragon tramples you but does no damage.
You feel better. The storm dragon bites you!
* * * LOW HITPOINT WARNING * * *
The storm dragon claws you but does no damage.
The storm dragon barely misses you.
You thump the storm dragon!
The storm dragon is heavily wounded.
The storm dragon breathes lightning at you.
The bolt of lightning hits you!
You die...

#..... #
#....
#.####..(
#......
#.....# #.##
#..## .
##.)#####....
##@Do†....⌠.
#..##.......
####..#
##..#..
#....## ..##
###..#
#..######
##.#
#........
#.##
#........
#..#
##........
##.#
##.........


You could see a storm dragon and an orc.

Vanquished Creatures
  2 unseen horrors
  2 hill giants
  3 trolls
  4 hippogriffs
  A shadow (D:11)
  2 wyverns (D:9)
  A basilisk (D:12)
  2 wraiths
  Eustachio (D:4)
  A yak (D:11)
  A hungry ghost (D:11)
  A steam dragon (D:11)
  A hornet zombie (D:11)
  2 black bears
  Duvessa (D:4)
  4 ice beasts
  7 orc warriors
  An eye of draining (D:11)
  6 sky beasts
  3 necrophages
  9 ogres
  5 centaurs
  2 big kobolds
  6 bullfrogs
  5 gnoll sergeants
  Dowan (D:4)
  3 scorpions
  10 killer bees
  5 wights
  6 crimson imps
  2 quasits
  A bullfrog zombie (D:5)
  2 bullfrog skeletons
  4 hounds
  5 jellies
  5 human zombies (D:7)
  9 orc priests
  16 orc wizards
  3 centaur skeletons
  4 gnoll shamans (D:4)
  A human skeleton (D:7)
  Ijyb (D:2)
  2 iguanas
  Natasha (twice) (D:4)
  4 worker ants
  Terence (D:2)
  An ogre skeleton (D:7)
  A hound zombie (D:6)
  3 mummies (D:7)
  Robin (D:2)
  A worker ant zombie (D:8)
  47 gnolls
  5 adders
  A river rat (D:11)
  2 adder zombies (D:5)
  An adder skeleton (D:9)
  A worm (D:2)
  2 leopard geckos
  55 orcs
  21 bats
  9 goblins
  9 hobgoblins
  21 jackals
  3 quokkas
  3 ball pythons
  4 frilled lizards
  5 kobolds
  2 quokka skeletons
  13 rats
  4 fungi (D:11)
  A plant (D:11)
376 creatures vanquished.

Vanquished Creatures (others)
  An adder (D:12)
1 creature vanquished.

Grand Total: 377 creatures vanquished

Notes
Turn   | Place    | Note
-------+----------+-------------------------------------------
     0 | D:1      | tricornhat the Demonspawn Berserker began the quest for the Orb.
     0 | D:1      | Reached XP level 1. HP: 18/18 MP: 1/1
   288 | D:1      | Gained mutation: Your movements are slightly less encumbered by armour. (ER -2) [demonic ancestry]
   288 | D:1      | Reached XP level 2. HP: 19/24 MP: 2/2
   434 | D:1      | Reached skill level 3 in Maces & Flails
   673 | D:2      | Noticed Terence
   682 | D:2      | Killed Terence
   682 | D:2      | Gained mutation: You are partially covered in sharp spines. [demonic ancestry]
   682 | D:2      | Reached XP level 3. HP: 29/29 MP: 3/3
   714 | D:2      | Noticed Robin
   744 | D:2      | Killed Robin
   749 | D:2      | Reached ** piety under Trog
   750 | D:2      | Gained mutation: You regenerate a little health from kills. [demonic ancestry]
   750 | D:2      | Reached XP level 4. HP: 24/35 MP: 4/4
   969 | D:2      | Reached skill level 4 in Maces & Flails
  1129 | D:2      | Found a hazy altar of Hepliaklqana.
  1150 | D:2      | Noticed Ijyb
  1177 | D:2      | Killed Ijyb
  1744 | D:3      | Reached skill level 1 in Shields
  1766 | D:3      | Gained mutation: Your movements are less encumbered by armour. (ER -4) [demonic ancestry]
  1766 | D:3      | Reached XP level 5. HP: 41/41 MP: 5/5
  1946 | D:3      | Reached *** piety under Trog
  2177 | D:3      | Reached skill level 5 in Maces & Flails
  2281 | D:4      | Gained mutation: You are mostly covered in sharp spines. [demonic ancestry]
  2281 | D:4      | Reached XP level 6. HP: 39/47 MP: 6/6
  2648 | D:4      | Found Lijif's General Store.
  2655 | D:4      | Bought a meat ration for 50 gold pieces
  3112 | D:4      | Reached skill level 6 in Maces & Flails
  3129 | D:4      | Noticed Natasha
  3432 | D:4      | Reached XP level 7. HP: 51/53 MP: 7/7
  3474 | D:4      | Reached **** piety under Trog
  3749 | D:4      | Noticed Eustachio
  3782 | D:4      | Killed Eustachio
  3782 | D:4      | Reached skill level 7 in Maces & Flails
  3797 | D:4      | Killed Natasha
  3872 | D:4      | Noticed Duvessa
  3881 | D:4      | Noticed Dowan
  3889 | D:4      | Killed Duvessa
  3889 | D:4      | Reached XP level 8. HP: 40/61 MP: 8/8
  3908 | D:4      | Killed Dowan
  3908 | D:4      | Reached skill level 1 in Stealth
  4215 | D:4      | Noticed Natasha
  4231 | D:4      | Killed Natasha
  4449 | D:4      | Noticed Natasha
  4452 | D:5      | Entered Level 5 of the Dungeon
  4461 | D:5      | Reached skill level 8 in Maces & Flails
  4547 | D:5      | Found an iron altar of Okawaru.
  4691 | D:5      | Found an ancient bone altar of Kikubaaqudgha.
  4695 | D:5      | Found an opulent altar of Gozag.
  4698 | D:5      | Found a sparkling altar of Nemelex Xobeh.
  4884 | D:5      | Found a staircase to the Ecumenical Temple.
  5116 | D:6      | Reached ***** piety under Trog
  5166 | D:6      | Got a bound glass ring
  5214 | D:6      | Reached skill level 5 in Fighting
  5668 | D:6      | Gained mutation: You have sharp toenails. [demonic ancestry]
  5668 | D:6      | Reached XP level 9. HP: 68/68 MP: 9/9
  5722 | D:6      | Identified the ring of Biafaut {+Fly Str+2} (You found it on level 6 of the Dungeon)
  5774 | D:6      | Reached skill level 9 in Maces & Flails
  6225 | D:7      | Found a glowing golden altar of the Shining One.
  6286 | D:7      | Got a transparent leather armour
  6375 | D:7      | Reached skill level 10 in Maces & Flails
  6437 | D:7      | Found a burning altar of Makhleb.
  6452 | D:7      | Found a burning altar of Makhleb.
  6676 | D:7      | Found Kuacur Bige's Jewellery Emporium.
  6715 | D:7      | Bought an uncursed ring of resist corrosion for 260 gold pieces
  6844 | D:7      | Reached skill level 5 in Shields
  6853 | D:7      | Found a basalt altar of Yredelemnul.
  6927 | D:8      | Reached XP level 10. HP: 74/74 MP: 10/10
  7037 | D:8      | Found a shimmering altar of Xom.
  7376 | D:8      | Reached skill level 5 in Armour
  7660 | D:9      | Reached skill level 11 in Maces & Flails
  8270 | D:10     | Entered Level 10 of the Dungeon
  8465 | D:10     | Noticed a hill giant
  8480 | D:10     | HP: 1/76 [something (7)]
  8482 | D:10     | Killed an unseen horror
  8484 | D:10     | Killed a hill giant
  9073 | D:10     | Found a sacrificial altar of Ru.
  9300 | D:10     | Reached skill level 12 in Maces & Flails
  9300 | D:10     | Gained mutation: You have razor-sharp toenails. [demonic ancestry]
  9300 | D:10     | Reached XP level 11. HP: 82/83 MP: 11/11
  9606 | D:11     | Got a polished fustibalus
  9633 | D:11     | Killed an unseen horror
  9684 | D:11     | Found a staircase to the Orcish Mines.
 10091 | D:11     | Identified the cursed +1 fustibalus "Radej" {venom, Str+4} (You found it on level 11 of the Dungeon)
 10441 | D:11     | Found a staircase to the Lair.
 10587 | D:12     | Noticed Azrael
 10695 | D:12     | Noticed a hill giant
 10717 | D:12     | Killed a hill giant
 11005 | D:12     | Received a gift from Trog
 11019 | D:12     | Noticed a storm dragon
 11034 | D:12     | Killed from afar by a storm dragon

Skill      XL: |  1  2  3  4  5  6  7  8  9 10 11 |
---------------+----------------------------------+-----
Armour         | 2 3 4 6 |  6.7
Maces & Flails | 3 4 5 6 7 8 10 12 | 12.8
Shields        | 1 2 3 5 6 7 |  7.2
Fighting       | 4 5 6 7 |  7.0
Stealth        | 1 |  1.0
Dodging        | |  1.8

Action                   |  1- 3 |  4- 6 |  7- 9 | 10-12 || total
-------------------------+-------+-------+-------+-------++-------
Melee: Mace              |    83 |   234 |   213 |       ||   530
       Flail             |       |       |   241 |   446 ||   687
       Kick              |       |       |    48 |       ||    48
Invok: Burn Spellbooks   |       |       |     1 |       ||     1
  Use: Scroll            |     1 |     5 |     8 |     8 ||    22
       Potion            |       |       |     4 |     6 ||    10
 Stab: Invisible         |       |       |     5 |       ||     5
  Eat: Chunk             |       |     4 |     9 |     4 ||    17
       Beef jerky        |       |     1 |     1 |     1 ||     3
       Fruit             |       |     2 |       |     4 ||     6
       Pizza             |       |     1 |       |     2 ||     3
       Meat ration       |       |       |       |     1 ||     1
Armor: Chain mail        |    38 |   105 |   125 |       ||   268
       Leather armour    |     5 |       |       |       ||     5
       Plate armour      |       |       |    96 |   274 ||   370
Dodge: Dodged            |    26 |    53 |   108 |   135 ||   322
Block: Shield            |    33 |    91 |   213 |   301 ||   638
